Pick #1

Connor Bedard
Pick #2

Leo Carlsson
Pick #3

Adam Fantilli
Pick #4

Matvei Michkov
Pick #5

David Reinbacher
Pick #6

William Smith
Pick #7

Zachary Benson
Pick #8

Ryan Leonard
Pick #9

Gabriel Perreault
Pick #10

Axel Sandin-Pellika
Pick #11

Daniil But
Pick #12

Dalibor Dvorsky
Pick #13

Quentin Musty
Pick #14

Brayden Yager
Pick #15

Dmitry Simashev
Pick #16

Colby Barlow
Pick #17

Andrew Cristall
Pick #18

Easton Cowan
Pick #19

Jacob Fowler
Pick #20

Oliver Moore
Pick #21

Oliver Bonk
Pick #22

Tom Willander
Pick #23

Calum Ritchie
Pick #24

Tanner Molendyk
Pick #25

Gavin Brindley
Pick #26

Nate Danielson
Pick #27

Pick #28

Pick #29

Pick #30

Pick #31

Pick #32

Pick #33

Pick #34

Pick #35

Pick #36

Pick #37

Pick #38

Pick #39

Pick #40

Pick #41

Pick #42

Pick #43

Pick #44

Pick #45

Pick #46

Pick #47

Pick #48

Pick #49

Pick #50

Pick #51

Pick #52

Pick #53

Pick #54

Pick #55

Pick #56

Pick #57

Pick #58

Pick #59

Pick #60

Pick #61

Pick #62

Pick #63

Pick #64

Pick #65

Pick #66

Pick #67

Pick #68

Pick #69

Pick #70

Pick #71

Pick #72

Pick #73

Pick #74

Pick #75

Pick #76

Pick #77

Pick #78

Pick #79

Pick #80

Pick #81

Pick #82

Pick #83

Pick #84

Pick #85

Pick #86

Pick #87

Pick #88

Pick #89

Pick #90

Pick #91

Pick #92

Pick #93

Pick #94

Pick #95

Pick #96

Pick #97

Pick #98

Pick #99

Pick #100

Pick #101

Pick #102

Pick #103

Pick #104

Pick #105

Pick #106

Pick #107

Pick #108

Pick #109

Pick #110

Pick #111

Pick #112

Pick #113

Pick #114

Pick #115

Pick #116

Pick #117

Pick #118

Pick #119

Pick #120

Pick #121

Pick #122

Pick #123

Pick #124

Pick #125

Pick #126

Pick #127

Pick #128

Pick #129

Pick #130

Full Scoreboard »»

RedWings vs Flames

Created - November 17, 2023 at 23:11

Goals
1 2 3 T
RedWings 0 0 0 0
Flames 1 2 1 4
Shots
1 2 3 T
RedWings 7 4 13 24
Flames 9 6 10 25

GoalsPenalties
1st period
1. Flames , Pierre-Edouard Bellemare 2 (Adam Larsson 14) at 12:49
Sebastian Aho (CGY) for Holding (Minor) at 16:36
2nd period
2. Flames , Sebastian Aho 14 (Josh Morrissey 10, John Tavares 13) at 14:23 (PP)
3. Flames , Esa Lindell 3 (Jordan Kyrou 13, Adam Larsson 15) at 14:53
Brayden Schenn (DET) for Hooking (Minor) at 11:04
Nick Cousins (DET) for Hooking (Minor) at 13:42
3rd period
4. Flames , Lawson Crouse 4 (Josh Morrissey 11) at 3:13
David Perron (DET) for Goalie Interference (Minor) at 3:43
Ryan Murray (DET) for Tripping (Minor) at 14:31
Sebastian Aho (CGY) for Roughing (Minor) at 16:38
Goalie Stats
Adin Hill (DET), 9 saves from 9 shots - (1.000), 16:47 minutes
Brian Elliott (DET), 12 saves from 16 shots - (0.750), L, 2-3-0, 43:13 minutes
Antti Raanta (CGY), 24 saves from 24 shots - (1.000), W, 2-2-2, 60:00 minutes
3 StarsOfficial
1 - Antti Raanta (CGY)
2 - Lawson Crouse (CGY)
3 - Pierre-Edouard Bellemare (CGY)
Referees : Beaudry Halkidis and Chris Rooney
Linesman : Brent Hooks and Brian Murphy
Game Note
Adin Hill enters game at 3:13 of 3rd period
Finance
Level 1 -- Attendance: 4918 (75.66%) -- Ticket Income $614,750
Level 2 -- Attendance: 5000 (100.00%) -- Ticket Income $375,000
Level 3 -- Attendance: 3458 (98.80%) -- Ticket Income $172,900
Level 4 -- Attendance: 2574 (78.26%) -- Ticket Income $110,682
Luxury Box -- Attendance: 1000 (100.00%) -- Ticket Income $150,000
Game was played at the Scotiabank Saddledome.
Total Attendance: 16950 (87.87%)
Total Ticket Income: $1,423,332
Other Income: $355,833
Total Income: $1,779,165



Team Name Goals Shots Shots Attemp Shots Blocked PIM HIT PP PK FO%
RedWings 02452118230 / 2 (0%)153%
Flames 42550114121 / 4 (25%)047%

RedWings
Player Name POS G A P +/- PIM HIT SHT SB MP PP MP PP SHT PK MP PK SHT FO% FOT
Brayden SchennC000-3240019:432:0301:02047% 19
David PastrnakRW0000002025:321:5504:43050% 8
David PerronLW0000231020:501:5511:260100% 2
Denis GurianovRW000000001:020:0000:0000% 0
Derick BrassardC0000002012:350:0000:00067% 12
Drew DoughtyD0000020220:381:4402:3000% 0
Erik KarlssonD000-2001426:252:1414:0800% 0
Evgenii DadonovRW0000002014:250:0001:500100% 2
John CarlsonD000-2031326:252:1414:0800% 0
Mark ScheifeleC0000001023:401:5504:15144% 25
Nick CousinsC000-1230114:340:0000:0000% 2
Nick FolignoLW0000025012:350:0000:0000% 0
Nikita AlexandrovC000000001:160:0000:0000% 0
Phillip Di GiuseppeLW000-3014018:422:0300:000100% 2
Ryan HartmanRW000-3004018:422:0300:0000% 0
Ryan MurrayD000-1210112:560:0000:0000% 0
Seth JonesD0000031020:381:4412:3000% 0
Stefan NoesenRW000001002:400:0000:0000% 0
Flames
Player Name POS G A P +/- PIM HIT SHT SB MP PP MP PP SHT PK MP PK SHT FO% FOT
Adam LarssonD0222000320:443:1602:2000% 0
Alex DeBrincatRW0001004018:312:5700:0000% 0
Calvin de HaanD000000000:110:1100:0000% 0
Erik GudbransonD0000011015:520:0001:3800% 0
Esa LindellD1012003320:443:1602:2000% 0
Jakub VranaLW0000000020:230:0000:0000% 1
Jared SpurgeonD0001001223:133:1110:0000% 0
John TavaresC0111002020:303:3011:26052% 21
Jordan EberleRW000000004:400:1100:0000% 0
Jordan KyrouC0112002016:353:0800:00038% 21
Josh MorrisseyD0221021023:133:1110:0000% 0
Kirill MarchenkoRW0002010013:270:0000:0000% 0
Lawson CrouseLW1011051019:572:5701:2600% 0
Pierre-Edouard BellemareLW1012025016:100:1102:3200% 2
Ryan LindgrenD0000000216:030:1101:3800% 0
Sean KuralyC000000012:320:0002:32033% 3
Sebastian AhoC1010412023:513:3020:00050% 6
Steven StamkosC0000003019:243:3010:00061% 18



Play-by-Play

1st period


0:01 of 1st period - Mark Scheifele wins face-off versus Steven Stamkos in neutral zone.
0:28 of 1st period - David Pastrnak is hit by Josh Morrissey and loses puck.
1:13 of 1st period - Shot by Phillip Di Giuseppe.
1:13 of 1st period - Stopped by Antti Raanta without a rebound.
1:14 of 1st period - Jordan Kyrou wins face-off versus Derick Brassard in Flames zone.
1:24 of 1st period - Icing by Ryan Murray.
1:25 of 1st period - Evgenii Dadonov wins face-off versus John Tavares in RedWings zone.
1:31 of 1st period - Nick Cousins is hit by Lawson Crouse and loses puck.
1:54 of 1st period - John Tavares is hit by Nick Foligno and loses puck.
2:25 of 1st period - Ryan Lindgren is hit by Nick Foligno and loses puck.
2:38 of 1st period - Kirill Marchenko is hit by Brayden Schenn and loses puck.
2:59 of 1st period - Shot by Phillip Di Giuseppe.
2:59 of 1st period - Shot Blocked by Ryan Lindgren.
3:01 of 1st period - Shot by Phillip Di Giuseppe.
3:01 of 1st period - Stopped by Antti Raanta without a rebound.
3:02 of 1st period - Sebastian Aho wins face-off versus Mark Scheifele in Flames zone.
3:02 of 1st period - Sebastian Aho is hit by David Perron.
3:13 of 1st period - Jordan Eberle is hit by John Carlson and loses puck.
3:26 of 1st period - Shot by Mark Scheifele.
3:26 of 1st period - Shot Blocked by Jared Spurgeon.
4:10 of 1st period - Shot by John Tavares.
4:10 of 1st period - Stopped by Brian Elliott with a rebound.
4:12 of 1st period - Shot by Lawson Crouse.
4:12 of 1st period - Shot Blocked by John Carlson.
4:24 of 1st period - Shot by Esa Lindell.
4:24 of 1st period - Stopped by Brian Elliott without a rebound.
4:25 of 1st period - Jordan Kyrou wins face-off versus Brayden Schenn in RedWings zone.
4:32 of 1st period - Shot by Jordan Kyrou.
4:32 of 1st period - Shot Misses the Net.
5:38 of 1st period - Shot by Steven Stamkos.
5:38 of 1st period - Stopped by Brian Elliott without a rebound.
5:39 of 1st period - Derick Brassard wins face-off versus John Tavares in RedWings zone.
5:39 of 1st period - Derick Brassard is hit by Lawson Crouse.
5:49 of 1st period - Adam Larsson is hit by Ryan Murray and loses puck.
5:52 of 1st period - Shot by Alex DeBrincat.
5:52 of 1st period - Stopped by Brian Elliott without a rebound.
5:53 of 1st period - Steven Stamkos wins face-off versus Nick Cousins in RedWings zone.
5:53 of 1st period - Steven Stamkos is hit by John Carlson.
6:07 of 1st period - Jakub Vrana is hit by Stefan Noesen.
6:53 of 1st period - Erik Karlsson is hit by Lawson Crouse and loses puck.
7:24 of 1st period - Shot by Alex DeBrincat.
7:24 of 1st period - Shot Misses the Net.
7:26 of 1st period - Shot by Esa Lindell.
7:26 of 1st period - Stopped by Brian Elliott with a rebound.
8:04 of 1st period - Shot by Pierre-Edouard Bellemare.
8:04 of 1st period - Stopped by Brian Elliott without a rebound.
8:05 of 1st period - Steven Stamkos wins face-off versus Derick Brassard in RedWings zone.
8:34 of 1st period - Shot by Sebastian Aho.
8:34 of 1st period - Deflect By Steven Stamkos.
8:34 of 1st period - Shot Blocked by Drew Doughty.
9:22 of 1st period - Shot by Brayden Schenn.
9:22 of 1st period - Shot Blocked by Adam Larsson.
9:24 of 1st period - Shot by Phillip Di Giuseppe.
9:24 of 1st period - Shot Misses the Net.
9:26 of 1st period - Shot by Phillip Di Giuseppe.
9:26 of 1st period - Stopped by Antti Raanta without a rebound.
9:27 of 1st period - Mark Scheifele wins face-off versus John Tavares in Flames zone.
9:44 of 1st period - Shot by Alex DeBrincat.
9:44 of 1st period - Stopped by Brian Elliott without a rebound.
9:45 of 1st period - Brayden Schenn wins face-off versus Jordan Kyrou in RedWings zone.
9:55 of 1st period - Icing by Kirill Marchenko.
9:56 of 1st period - Derick Brassard wins face-off versus Pierre-Edouard Bellemare in Flames zone.
9:59 of 1st period - Shot by Evgenii Dadonov.
9:59 of 1st period - Stopped by Antti Raanta without a rebound.
10:00 of 1st period - Sebastian Aho wins face-off versus Brayden Schenn in Flames zone.
10:17 of 1st period - Shot by Sebastian Aho.
10:17 of 1st period - Shot Blocked by John Carlson.
10:37 of 1st period - Erik Karlsson is hit by Sebastian Aho and loses puck.
12:17 of 1st period - Alex DeBrincat is hit by Nick Cousins and loses puck.
12:49 of 1st period - Shot by Pierre-Edouard Bellemare.
12:49 of 1st period - Goal by Pierre-Edouard Bellemare - RedWings : 0 - Flames : 1.
12:50 of 1st period - Mark Scheifele wins face-off versus Jordan Kyrou in neutral zone.
13:04 of 1st period - Pierre-Edouard Bellemare is hit by Drew Doughty.
13:16 of 1st period - Shot by David Perron.
13:16 of 1st period - Shot Blocked by Esa Lindell.
13:28 of 1st period - Shot by Pierre-Edouard Bellemare.
13:28 of 1st period - Stopped by Brian Elliott without a rebound.
13:29 of 1st period - Brayden Schenn wins face-off versus Steven Stamkos in RedWings zone.
13:36 of 1st period - Shot by Ryan Hartman.
13:36 of 1st period - Shot Blocked by Jared Spurgeon.
13:38 of 1st period - Shot by Ryan Hartman.
13:38 of 1st period - Stopped by Antti Raanta with a rebound.
13:44 of 1st period - Shot by Brayden Schenn.
13:44 of 1st period - Shot Misses the Net.
13:46 of 1st period - Shot by Erik Karlsson.
13:46 of 1st period - Shot Misses the Net.
13:48 of 1st period - Shot by John Carlson.
13:48 of 1st period - Shot Misses the Net.
14:37 of 1st period - Nick Cousins is hit by Pierre-Edouard Bellemare and loses puck.
15:27 of 1st period - Pierre-Edouard Bellemare is hit by Seth Jones and loses puck.
15:33 of 1st period - Icing by Drew Doughty.
15:34 of 1st period - John Tavares wins face-off versus Mark Scheifele in RedWings zone.
16:19 of 1st period - Erik Karlsson is hit by Lawson Crouse and loses puck.
16:36 of 1st period - Minor Penalty to Sebastian Aho for Holding.
16:37 of 1st period - Brayden Schenn wins face-off versus Sean Kuraly in Flames zone.
16:40 of 1st period - Shot by Ryan Hartman.
16:40 of 1st period - Deflect By Brayden Schenn.
16:40 of 1st period - Shot Misses the Net.
16:42 of 1st period - Shot by Erik Karlsson.
16:42 of 1st period - Shot Blocked by Sean Kuraly.
16:44 of 1st period - Shot by John Carlson.
16:44 of 1st period - Stopped by Antti Raanta without a rebound.
16:45 of 1st period - Brayden Schenn wins face-off versus Sean Kuraly in Flames zone.
16:50 of 1st period - Shot by John Carlson.
16:50 of 1st period - Shot Misses the Net.
17:08 of 1st period - Shot by Ryan Hartman.
17:08 of 1st period - Shot Misses the Net.
17:10 of 1st period - Shot by Erik Karlsson.
17:10 of 1st period - Shot Blocked by Adam Larsson.
17:12 of 1st period - Shot by Erik Karlsson.
17:12 of 1st period - Stopped by Antti Raanta without a rebound.
17:13 of 1st period - John Tavares wins face-off versus David Pastrnak in Flames zone.
19:05 of 1st period - Icing by Josh Morrissey.
19:06 of 1st period - Sebastian Aho wins face-off versus Mark Scheifele in Flames zone.
19:19 of 1st period - Shot by Steven Stamkos.
19:19 of 1st period - Shot Blocked by John Carlson.
Goals for this period are 0 for RedWings vs 1 for Flames.
Shots for this period are 7 for RedWings vs 9 for Flames.

2nd period


0:01 of 2nd period - Steven Stamkos wins face-off versus Mark Scheifele in neutral zone.
0:10 of 2nd period - Shot by Sebastian Aho.
0:10 of 2nd period - Shot Blocked by Erik Karlsson.
0:34 of 2nd period - Shot by Mark Scheifele.
0:34 of 2nd period - Shot Misses the Net.
0:43 of 2nd period - David Pastrnak is hit by Josh Morrissey and loses puck.
0:58 of 2nd period - Shot by Drew Doughty.
0:58 of 2nd period - Shot Misses the Net.
1:11 of 2nd period - Icing by Drew Doughty.
1:12 of 2nd period - John Tavares wins face-off versus Brayden Schenn in RedWings zone.
1:45 of 2nd period - Shot by Ryan Hartman.
1:45 of 2nd period - Shot Misses the Net.
1:47 of 2nd period - Shot by Drew Doughty.
1:47 of 2nd period - Shot Misses the Net.
2:10 of 2nd period - Icing by Ryan Lindgren.
2:11 of 2nd period - Jordan Kyrou wins face-off versus Mark Scheifele in Flames zone.
2:20 of 2nd period - Icing by Erik Karlsson.
2:21 of 2nd period - David Perron wins face-off versus Jordan Kyrou in RedWings zone.
3:13 of 2nd period - Icing by Erik Karlsson.
3:14 of 2nd period - John Tavares wins face-off versus Mark Scheifele in RedWings zone.
3:22 of 2nd period - Icing by Erik Karlsson.
3:23 of 2nd period - Steven Stamkos wins face-off versus Mark Scheifele in RedWings zone.
3:43 of 2nd period - Sebastian Aho is hit by John Carlson and loses puck.
3:47 of 2nd period - Icing by John Carlson.
3:48 of 2nd period - Mark Scheifele wins face-off versus John Tavares in RedWings zone.
3:48 of 2nd period - Mark Scheifele is hit by Lawson Crouse.
4:01 of 2nd period - Icing by Adam Larsson.
4:02 of 2nd period - John Tavares wins face-off versus Brayden Schenn in Flames zone.
4:13 of 2nd period - Shot by Alex DeBrincat.
4:13 of 2nd period - Stopped by Brian Elliott without a rebound.
4:14 of 2nd period - Derick Brassard wins face-off versus Steven Stamkos in RedWings zone.
5:49 of 2nd period - Shot by Pierre-Edouard Bellemare.
5:49 of 2nd period - Stopped by Brian Elliott with a rebound.
7:58 of 2nd period - Shot by Ryan Hartman.
7:58 of 2nd period - Stopped by Antti Raanta without a rebound.
7:59 of 2nd period - Jordan Kyrou wins face-off versus Nick Cousins in Flames zone.
8:04 of 2nd period - John Carlson is hit by Pierre-Edouard Bellemare and loses puck.
8:34 of 2nd period - Shot by Pierre-Edouard Bellemare.
8:34 of 2nd period - Stopped by Brian Elliott with a rebound.
8:36 of 2nd period - Shot by Kirill Marchenko.
8:36 of 2nd period - Deflect By Jordan Kyrou.
8:36 of 2nd period - Shot Blocked by Erik Karlsson.
9:50 of 2nd period - Shot by Evgenii Dadonov.
9:50 of 2nd period - Shot Misses the Net.
9:52 of 2nd period - Shot by Nick Foligno.
9:52 of 2nd period - Stopped by Antti Raanta without a rebound.
9:53 of 2nd period - Mark Scheifele wins face-off versus Steven Stamkos in Flames zone.
10:27 of 2nd period - Steven Stamkos is hit by Seth Jones and loses puck.
10:53 of 2nd period - Icing by Pierre-Edouard Bellemare.
10:54 of 2nd period - Phillip Di Giuseppe wins face-off versus Jordan Kyrou in Flames zone.
11:04 of 2nd period - Minor Penalty to Brayden Schenn for Hooking.
11:05 of 2nd period - Jordan Kyrou wins face-off versus David Pastrnak in RedWings zone.
11:17 of 2nd period - Icing by Esa Lindell.
11:18 of 2nd period - David Pastrnak wins face-off versus Jordan Kyrou in Flames zone.
12:16 of 2nd period - Shot by Josh Morrissey.
12:16 of 2nd period - Shot Blocked by Erik Karlsson.
12:33 of 2nd period - Icing by Jared Spurgeon.
12:34 of 2nd period - Steven Stamkos wins face-off versus Mark Scheifele in Flames zone.
12:36 of 2nd period - Icing by Sebastian Aho.
12:37 of 2nd period - John Tavares wins face-off versus David Pastrnak in Flames zone.
12:54 of 2nd period - Shot by Mark Scheifele.
12:54 of 2nd period - Stopped by Antti Raanta without a rebound.
12:55 of 2nd period - Evgenii Dadonov wins face-off versus Jordan Kyrou in Flames zone.
13:11 of 2nd period - Icing by Ryan Lindgren.
13:12 of 2nd period - Jordan Kyrou wins face-off versus Brayden Schenn in Flames zone.
13:24 of 2nd period - Pierre-Edouard Bellemare is hit by Nick Cousins and loses puck.
13:27 of 2nd period - Shot by Erik Gudbranson.
13:27 of 2nd period - Shot Blocked by Nick Cousins.
13:42 of 2nd period - Minor Penalty to Nick Cousins for Hooking.
13:43 of 2nd period - Steven Stamkos wins face-off versus Mark Scheifele in RedWings zone.
14:23 of 2nd period - Shot by Sebastian Aho.
14:23 of 2nd period - Goal by Sebastian Aho - RedWings : 0 - Flames : 2.
14:24 of 2nd period - Brayden Schenn wins face-off versus Jordan Kyrou in neutral zone.
14:51 of 2nd period - Shot by Jordan Kyrou.
14:51 of 2nd period - Shot Misses the Net.
14:53 of 2nd period - Shot by Esa Lindell.
14:53 of 2nd period - Goal by Esa Lindell - RedWings : 0 - Flames : 3.
14:54 of 2nd period - Derick Brassard wins face-off versus Sebastian Aho in neutral zone.
15:56 of 2nd period - Jared Spurgeon is hit by David Perron and loses puck.
16:44 of 2nd period - Icing by Erik Karlsson.
16:45 of 2nd period - Mark Scheifele wins face-off versus Jordan Kyrou in RedWings zone.
17:28 of 2nd period - Shot by Kirill Marchenko.
17:28 of 2nd period - Deflect By Jordan Kyrou.
17:28 of 2nd period - Stopped by Brian Elliott without a rebound.
17:29 of 2nd period - Steven Stamkos wins face-off versus Brayden Schenn in RedWings zone.
17:33 of 2nd period - Sebastian Aho is hit by Nick Cousins and loses puck.
17:42 of 2nd period - Shot by Phillip Di Giuseppe.
17:42 of 2nd period - Stopped by Antti Raanta without a rebound.
17:43 of 2nd period - Derick Brassard wins face-off versus John Tavares in Flames zone.
18:35 of 2nd period - Icing by Drew Doughty.
18:36 of 2nd period - Derick Brassard wins face-off versus Jakub Vrana in RedWings zone.
18:57 of 2nd period - Esa Lindell is hit by Brayden Schenn and loses puck.
19:14 of 2nd period - Adam Larsson is hit by Phillip Di Giuseppe and loses puck.
19:51 of 2nd period - Shot by David Perron.
19:51 of 2nd period - Shot Misses the Net.
Goals for this period are 0 for RedWings vs 2 for Flames.
Shots for this period are 4 for RedWings vs 6 for Flames.

3rd period


0:01 of 3rd period - Mark Scheifele wins face-off versus Steven Stamkos in neutral zone.
0:36 of 3rd period - Shot by David Pastrnak.
0:36 of 3rd period - Stopped by Antti Raanta without a rebound.
0:37 of 3rd period - John Tavares wins face-off versus Brayden Schenn in Flames zone.
0:37 of 3rd period - John Tavares is hit by Brayden Schenn.
1:08 of 3rd period - Off-side.
1:09 of 3rd period - Derick Brassard wins face-off versus Pierre-Edouard Bellemare in neutral zone.
1:29 of 3rd period - Shot by Nick Foligno.
1:29 of 3rd period - Stopped by Antti Raanta without a rebound.
1:30 of 3rd period - David Perron wins face-off versus Steven Stamkos in Flames zone.
1:39 of 3rd period - Shot by Mark Scheifele.
1:39 of 3rd period - Shot Blocked by Ryan Lindgren.
2:33 of 3rd period - Shot by Lawson Crouse.
2:33 of 3rd period - Shot Misses the Net.
3:13 of 3rd period - Shot by Lawson Crouse.
3:13 of 3rd period - Goal by Lawson Crouse - RedWings : 0 - Flames : 4.
3:13 of 3rd period - Adin Hill enters game.
3:14 of 3rd period - Derick Brassard wins face-off versus Jordan Kyrou in neutral zone.
3:17 of 3rd period - Shot by Evgenii Dadonov.
3:17 of 3rd period - Shot Misses the Net.
3:19 of 3rd period - Shot by Nick Foligno.
3:19 of 3rd period - Stopped by Antti Raanta with a rebound.
3:21 of 3rd period - Shot by Derick Brassard.
3:21 of 3rd period - Shot Blocked by Esa Lindell.
3:23 of 3rd period - Shot by Nick Foligno.
3:23 of 3rd period - Deflect By Derick Brassard.
3:23 of 3rd period - Stopped by Antti Raanta with a rebound.
3:35 of 3rd period - Shot by Nick Foligno.
3:35 of 3rd period - Stopped by Antti Raanta without a rebound.
3:36 of 3rd period - Mark Scheifele wins face-off versus Sebastian Aho in Flames zone.
3:43 of 3rd period - Minor Penalty to David Perron for Goalie Interference.
3:44 of 3rd period - Steven Stamkos wins face-off versus David Pastrnak in RedWings zone.
3:51 of 3rd period - Shot by John Tavares.
3:51 of 3rd period - Stopped by Adin Hill with a rebound.
3:53 of 3rd period - Shot by Adam Larsson.
3:53 of 3rd period - Shot Misses the Net.
3:55 of 3rd period - Shot by Sebastian Aho.
3:55 of 3rd period - Stopped by Adin Hill without a rebound.
3:56 of 3rd period - Mark Scheifele wins face-off versus Jordan Kyrou in RedWings zone.
4:21 of 3rd period - Shot by Josh Morrissey.
4:21 of 3rd period - Stopped by Adin Hill with a rebound.
4:35 of 3rd period - Shot by Jared Spurgeon.
4:35 of 3rd period - Stopped by Adin Hill with a rebound.
4:37 of 3rd period - Shot by Jared Spurgeon.
4:37 of 3rd period - Shot Misses the Net.
4:39 of 3rd period - Shot by Jared Spurgeon.
4:39 of 3rd period - Shot Misses the Net.
5:15 of 3rd period - Off-side.
5:16 of 3rd period - David Pastrnak wins face-off versus Sebastian Aho in neutral zone.
5:44 of 3rd period - Icing by Adam Larsson.
5:45 of 3rd period - Jordan Kyrou wins face-off versus Brayden Schenn in Flames zone.
6:44 of 3rd period - Drew Doughty is hit by Kirill Marchenko and loses puck.
6:55 of 3rd period - Jakub Vrana is hit by Brayden Schenn and loses puck.
7:13 of 3rd period - Shot by Nick Foligno.
7:13 of 3rd period - Shot Misses the Net.
7:15 of 3rd period - Shot by Evgenii Dadonov.
7:15 of 3rd period - Stopped by Antti Raanta without a rebound.
7:16 of 3rd period - John Tavares wins face-off versus Mark Scheifele in Flames zone.
7:16 of 3rd period - John Tavares is hit by David Perron.
7:19 of 3rd period - Icing by Adam Larsson.
7:20 of 3rd period - John Tavares wins face-off versus Mark Scheifele in Flames zone.
8:24 of 3rd period - Shot by Steven Stamkos.
8:24 of 3rd period - Shot Hit the Post.
8:44 of 3rd period - Shot by Derick Brassard.
8:44 of 3rd period - Stopped by Antti Raanta with a rebound.
9:05 of 3rd period - Shot by Nick Foligno.
9:05 of 3rd period - Stopped by Antti Raanta without a rebound.
9:06 of 3rd period - Jordan Kyrou wins face-off versus Brayden Schenn in Flames zone.
9:08 of 3rd period - Icing by Kirill Marchenko.
9:09 of 3rd period - Brayden Schenn wins face-off versus Jordan Kyrou in Flames zone.
9:09 of 3rd period - Ryan Hartman is hit by Erik Gudbranson and loses puck.
9:20 of 3rd period - Shot by Jordan Kyrou.
9:20 of 3rd period - Shot Misses the Net.
9:22 of 3rd period - Shot by Erik Gudbranson.
9:22 of 3rd period - Shot Blocked by Drew Doughty.
9:25 of 3rd period - Pierre-Edouard Bellemare is hit by Seth Jones and loses puck.
9:35 of 3rd period - Jordan Kyrou is hit by Drew Doughty and loses puck.
9:40 of 3rd period - Shot by Kirill Marchenko.
9:40 of 3rd period - Shot Misses the Net.
9:42 of 3rd period - Shot by Erik Gudbranson.
9:42 of 3rd period - Stopped by Adin Hill without a rebound.
9:43 of 3rd period - John Tavares wins face-off versus Derick Brassard in RedWings zone.
9:44 of 3rd period - Shot by Alex DeBrincat.
9:44 of 3rd period - Stopped by Adin Hill without a rebound.
9:45 of 3rd period - Steven Stamkos wins face-off versus Mark Scheifele in RedWings zone.
9:56 of 3rd period - Icing by Steven Stamkos.
9:57 of 3rd period - Brayden Schenn wins face-off versus Steven Stamkos in Flames zone.
10:00 of 3rd period - Shot by Ryan Hartman.
10:00 of 3rd period - Stopped by Antti Raanta with a rebound.
11:05 of 3rd period - Icing by John Tavares.
11:06 of 3rd period - Mark Scheifele wins face-off versus John Tavares in Flames zone.
11:11 of 3rd period - Shot by David Pastrnak.
11:11 of 3rd period - Stopped by Antti Raanta without a rebound.
11:12 of 3rd period - John Tavares wins face-off versus Mark Scheifele in Flames zone.
11:14 of 3rd period - Icing by Adam Larsson.
11:15 of 3rd period - Mark Scheifele wins face-off versus John Tavares in Flames zone.
12:00 of 3rd period - Shot by John Tavares.
12:00 of 3rd period - Shot Blocked by Ryan Murray.
12:26 of 3rd period - Shot by Steven Stamkos.
12:26 of 3rd period - Stopped by Adin Hill without a rebound.
12:27 of 3rd period - Brayden Schenn wins face-off versus Jordan Kyrou in RedWings zone.
12:40 of 3rd period - Shot by Jordan Kyrou.
12:40 of 3rd period - Stopped by Adin Hill without a rebound.
12:41 of 3rd period - Steven Stamkos wins face-off versus Derick Brassard in RedWings zone.
12:46 of 3rd period - Shot by Sebastian Aho.
12:46 of 3rd period - Deflect By Steven Stamkos.
12:46 of 3rd period - Shot Misses the Net.
12:53 of 3rd period - Off-side.
12:54 of 3rd period - Phillip Di Giuseppe wins face-off versus John Tavares in neutral zone.
12:59 of 3rd period - Shot by John Carlson.
12:59 of 3rd period - Shot Blocked by Esa Lindell.
13:01 of 3rd period - Shot by Ryan Hartman.
13:01 of 3rd period - Stopped by Antti Raanta with a rebound.
14:08 of 3rd period - Icing by Josh Morrissey.
14:09 of 3rd period - Steven Stamkos wins face-off versus Mark Scheifele in Flames zone.
14:31 of 3rd period - Minor Penalty to Ryan Murray for Tripping.
14:32 of 3rd period - David Pastrnak wins face-off versus Jordan Kyrou in RedWings zone.
14:53 of 3rd period - Shot by Lawson Crouse.
14:53 of 3rd period - Shot Misses the Net.
16:09 of 3rd period - Shot by Josh Morrissey.
16:09 of 3rd period - Shot Misses the Net.
16:11 of 3rd period - Shot by Sebastian Aho.
16:11 of 3rd period - Shot Blocked by Erik Karlsson.
16:13 of 3rd period - Shot by Josh Morrissey.
16:13 of 3rd period - Shot Misses the Net.
16:15 of 3rd period - Shot by Jared Spurgeon.
16:15 of 3rd period - Deflect By Steven Stamkos.
16:15 of 3rd period - Stopped by Adin Hill with a rebound.
16:38 of 3rd period - Minor Penalty to Sebastian Aho for Roughing.
16:39 of 3rd period - Sean Kuraly wins face-off versus Brayden Schenn in Flames zone.
17:47 of 3rd period - Shot by John Carlson.
17:47 of 3rd period - Shot Misses the Net.
17:55 of 3rd period - Shot by John Carlson.
17:55 of 3rd period - Shot Blocked by Adam Larsson.
17:57 of 3rd period - Shot by David Perron.
17:57 of 3rd period - Stopped by Antti Raanta without a rebound.
17:58 of 3rd period - Brayden Schenn wins face-off versus John Tavares in Flames zone.
17:59 of 3rd period - Shot by Seth Jones.
17:59 of 3rd period - Stopped by Antti Raanta without a rebound.
18:00 of 3rd period - David Pastrnak wins face-off versus John Tavares in Flames zone.
18:05 of 3rd period - Shot by John Carlson.
18:05 of 3rd period - Deflect By Mark Scheifele.
18:05 of 3rd period - Shot Misses the Net.
Goals for this period are 0 for RedWings vs 1 for Flames.
Shots for this period are 13 for RedWings vs 10 for Flames.